 Dungeon Crawl Stone Soup version 0.30-a0-1043-g60ff8d5f49 (webtiles) character file.

Game seed: 17973816944384570478

34 Hubris850 the Ducker (level 3, -1/28 HPs)
             Began as a Merfolk Gladiator on Apr 10, 2023.
             Killed from afar by Sigmund (7 damage)
             ... with a magic dart
             ... on level 2 of the Dungeon.
             The game lasted 00:04:17 (1393 turns).

Hubris850 the Ducker (Merfolk Gladiator)            Turns: 1393, Time: 00:04:17

Health: -1/28      AC:  5    Str: 13 (14) XL:     3   Next: 31%
Magic:  3/3        EV: 13    Int:  6 (9)  God:
Gold:   66         SH:  0    Dex: 14 (15) Spells: 2/2 levels left

rFire   . . .      SeeInvis .    j - +2 short sword (speed)
rCold   . . .      Faith    .    (no shield)
rNeg    . . .      Spirit   .    a - +0 leather armour
rPois   .          Reflect  .    h - +0 helmet
rElec   .          Rampage  .    (no cloak)
rCorr   .                        l - +0 pair of gloves
Will    .....                    (no boots)
Stlth   +                        (no amulet)
HPRegen 0.24/turn                (no ring)
MPRegen 0.08/turn                (no ring)

@: no status effects
A: (nimble swimmer 2), mertail, devolution 2
a: no special abilities


You were on level 2 of the Dungeon.
You visited 1 branch of the dungeon, and saw 2 of its levels.

You collected 66 gold pieces.

Inventory:

Hand Weapons
 j - a +2 short sword of speed (weapon)
Missiles
 c - a throwing net (quivered)
 d - a javelin
Armour
 a - a +0 leather armour (worn)
 b - a +0 helmet
 h - a +0 helmet (worn)
 l - a +0 pair of gloves (worn)
Scrolls
 e - a scroll of teleportation {unknown}
 g - a scroll of torment {unknown}
 k - 2 scrolls of enchant armour {unknown}
 m - a scroll of immolation {unknown}
 o - a scroll of enchant weapon {unknown}
 p - a scroll of identify {unknown}
 q - a scroll of fear {unknown}


   Skills:
 + Level 2.9 Fighting
 + Level 2.6 Throwing
 - Level 4.0 Dodging
 + Level 3.8 Unarmed Combat


You had 2 spell levels left.
You didn't know any spells.
Your spell library contained the following spells:

 Spells                   Type           Power      Damage    Failure   Level
 Apportation              Tloc           0%         N/A       54%         1
 Alistair's Intoxication  Tmut/Pois      0%         N/A       100%        5
 Iskenderun's Battlesphe  Conj           0%         2d6       100%        5
 Iron Shot                Conj/Erth      0%         9d1       100%        6
 Spellforged Servitor     Conj/Summ      0%         N/A       100%        7


Dungeon Overview and Level Annotations

Branches:
Dungeon (2/15)

Altars:
Ru

Annotations:
D:2 Sigmund


Innate Abilities, Weirdness & Mutations

((You are very nimble when in or above water. (Stealth+, EV+, Speed+++)))
Your lower body shifts to a powerful aquatic tail in water.
You have terrible hidden genetic defects.


Message History

Really target yourself?
Okay, then.
Throw: 2 throwing nets
Press: ? - help, Q - select action, (/) - cycle Shift-Dir - straight line You throw a throwing net.
Something gets caught in the net!
You hit something.
You hear some strange, mumbled words.
You are confused.
Something wriggles in the net.
You're too confused to move!
You miss something.
You hear some strange, mumbled words.
A magic dart appears from out of thin air!
The magic dart hits you!
Something wriggles in the net.
You miss something.
You bump into the rock wall.
You hit something.
You hear some strange, mumbled words.
You are more confused.
Something wriggles in the net.
You bump into the rock wall.
You hear some strange, mumbled words.
A magic dart appears from out of thin air!
The magic dart hits you.
* * * LOW HITPOINT WARNING * * *
Something wriggles in the net.
You're too confused to move!
Something wriggles in the net.
All of a sudden the net rips apart!
Unknown command.
You hear some strange, mumbled words.
Something tries to affect you, but you resist.
You bump into the rock wall.
You feel less confused. Something hits you but does no damage.
You miss something. You barely miss something.
You hear some strange, mumbled words.
A magic dart appears from out of thin air!
The magic dart hits you!
You die...

........# #.....##.#..####.#.#..
........# ##....................
........# ##+######..#.##.#.#..
.####...######.####.#..#.##.#.#..
.####+#......#.#..............#..
.............#.#.##.#..#.##.#.#..
.............#.#..S..............
#............'.{....#..#..#.#.#..
#####.#......#.#@.#.##.#..#.#.#..
#####.#....<.#.#..#.##...........
..........................###.#..
#####.########.#..#.##.#..# #.#..
......# ####.#..#....#..# #....
#####.# #............#..# ###..
#.# #.##.#..#.##.#..#####.. #.#
#.##.#..#.............. #.#
#.##....####.#.######..


You could see an adder.

Vanquished Creatures
  3 ball pythons
  5 endoplasms
  3 goblins
  A hobgoblin (D:1)
  4 jackals (D:1)
  4 kobolds (D:1)
  A quokka (D:1)
  4 bats
  3 rats
28 creatures vanquished.

Notes
Turn   | Place    | Note
-------+----------+-------------------------------------------
     0 | D:1      | Hubris850 the Merfolk Gladiator began the quest for the
                  | Orb.
     0 | D:1      | Reached XP level 1. HP: 16/16 MP: 1/1
   127 | D:1      | Reached XP level 2. HP: 17/23 MP: 2/2
   717 | D:2      | Found a faded altar of an unknown god.
   728 | D:2      | Reached XP level 3. HP: 28/28 MP: 3/3
   811 | D:2      | Found a sacrificial altar of Ru.
  1294 | D:2      | Noticed Sigmund
  1353 | D:1      | Gained mutation: You have hidden genetic defects. [potion
                  | of mutation]
  1353 | D:1      | Gained mutation: You have terrible hidden genetic defects.
                  | [potion of mutation]
  1393 | D:2      | Killed from afar by Sigmund

Illustrated notes

Levels and vault maps discovered:
D:1:      psy_arrival_basics, layout_basic
D:2:      layout_basic, basic_altar, basic_ecumenical_altar, uniq_sigmund

Action                     || total
---------------------------++-------
  Melee: Unarmed           ||    61
         Short sword       ||    55
         Punch             ||     3
  Throw: Throwing net      ||     2
    Use: Potion            ||     3
   Stab: Sleeping          ||     1
 Armour: Leather armour    ||    35
  Dodge: Dodged            ||    82

Table legend: (Time is in decaauts)
 A = Elapsed time spent in this place.
 B = Non-inter-level travel time spent in this place.
 C = Inter-level travel time spent in this place.
 D = Time resting spent in this place.
 E = Time spent auto-exploring this place.
 F = Levels seen in this place.
 G = Mean time per level.
                   A        B        C        D        E       F      G
               +--------+--------+--------+--------+--------+-----+--------+
         Total |   1371 |   1352 |     19 |      6 |   1044 |   2 |  685.5 |
       Dungeon |   1371 |   1352 |     19 |      6 |   1044 |   2 |  685.5 |
               +--------+--------+--------+--------+--------+-----+--------+

Top non-repeatable levels by time:
     D:1: 694 daAuts
     D:2: 677 daAuts
